 Dungeon Crawl Stone Soup version 0.14-a0-2359-g1e808ab (webtiles) character file.

305 Econoterrorist the Changer (level 5, -1/22 HPs)
             Began as a Felid Transmuter on Feb 1, 2014.
             Slain by ciphuk's ghost (9 damage)
             ... on Level 4 of the Dungeon.
             The game lasted 00:15:58 (4537 turns).

Econoterrorist the Changer (Felid Transmuter)       Turns: 4537, Time: 00:15:59

HP  -1/22        AC  2     Str  6      XL: 5   Next: 31%
MP  11/12        EV 18     Int 16      God:
Gold 128         SH  0     Dex 17      Spells:  3 memorised,  0 levels left
Lives: 0, deaths: 1

rFire  + . .     SeeInvis +       - Unarmed
rCold  . . .     Clarity  .     (armour unavailable)
rNeg   . . .     Conserve .     (shield unavailable)
rPois  .         rCorr    .     (helmet unavailable)
rElec  .         rRot     .     (cloak unavailable)
SustAb . .       Spirit   .     (gloves unavailable)
rMut   .         Warding  .     (boots unavailable)
Saprov . . .     Stasis   .     (no amulet)
MR     .....                    o - ring of protection from fire
                                (no ring)

@: appendage, quick, not resistant to hostile enchantments, fairly stealthy
A: paw claws, no armour, no advanced items, fangs 3, horns 2, see invisible,
carnivore 3, speed 1, shaggy fur 2, slow metabolism 1, jump 2
a: Jump Attack, End Transformation


You were on level 4 of the Dungeon.
You were not hungry.
You had grown temporary horns.
You visited 1 branch of the dungeon, and saw 4 of its levels.

You collected 128 gold pieces.

Inventory:

Missiles
 b - 12 arrows
Comestibles
 a - a meat ration
Scrolls
 e - 3 scrolls of remove curse {unknown}
 f - a scroll of random uselessness {unknown}
 g - a scroll of noise {unknown}
 i - 2 scrolls of enchant weapon I {unknown}
 j - a scroll of curse weapon {unknown}
 l - a scroll of magic mapping {unknown}
 n - a scroll of fog {unknown}
 p - a scroll of enchant armour {unknown}
 q - a scroll of blinking {unknown}
 x - a scroll of identify
 y - a scroll of teleportation {unknown}
Jewellery
 k - an uncursed ring of see invisible
 o - a ring of protection from fire (right paw)
Potions
 c - 4 potions of curing
 h - 3 potions of heal wounds {unknown}
 m - a potion of lignification {unknown}
 t - a potion of restore abilities {unknown}
 u - a potion of flight {unknown}
 w - a potion of brilliance {unknown}
Books
 d - a book of Changes

   Spells                             Type                      Level
   *Beastly Appendage                 Transmutation                1
   Sticks to Snakes                   Transmutation                2
   *Spider Form                       Transmutation/Poison         3
   Ice Form                           Ice/Transmutation            4
   *Blade Hands                       Transmutation                5


   Skills:
 - Level 1.0 Fighting
 - Level 2.6 Dodging
 - Level 5.0 Unarmed Combat
 - Level 2.0 Spellcasting
 + Level 5.1 Transmutations
 - Level 2.2 Poison Magic


You couldn't memorise any spells.
You knew the following spells:

 Your Spells              Type           Power        Failure   Level  Hunger
a - Beastly Appendage     Trmt           ###...       2%          1    #......
b - Spider Form           Trmt/Pois      ##........   14%         3    ####...
c - Blade Hands           Trmt           ###.......   75%         5    ######.


Dungeon Overview and Level Annotations

Branches:
Dungeon (4/16)
 Temple: D:4-7

Altars:
Makhleb
Zin

Annotations:
D:4 Eustachio; ciphuk's ghost, average MfDK


Innate Abilities, Weirdness & Mutations

You cannot wear armour.
You are incapable of any advanced item manipulation.
Your paws have sharp claws.*
You have razor-sharp teeth.*
You have supernaturally acute eyesight.
You are carnivorous and can eat meat at any time.
You cover ground quickly.*
You are covered in thick fur (AC +2).*
You have a slow metabolism.
You can jump attack at a medium distance.
You have a pair of horns on your head.*


Message History

Ciphuk's ghost is severely damaged.
Your transformation is almost over.
Ciphuk's ghost hits you.
You hit ciphuk's ghost but do no damage.
Ciphuk's ghost is severely damaged.
Ciphuk's ghost hits you!
Ouch! That really hurt!
You die...
You are now level 5!
Your front paws revert to their normal proportions.
You rejoin the land of the living...
Eustachio comes into view.
He is wielding a falchion.
Ciphuk's ghost whispers, "Death doesn't hurt.
What you feel is life." Ciphuk's ghost hits you!
Ouch! That really hurt!
Ciphuk's ghost misses you.
Casting: Blade Hands
Confirm with . or Enter, or press ? or * to list all spells.
You grow a pair of large bovine horns.
Ciphuk's ghost hits you!
You die...

########### #...<<##..##
######..<))..##
##.#...........##
##...............##
#...........@p..#.##
####.................##
##.....................#
#.#..........%.......###
####...................#.
..........................#
..........................#
............................
............................


You could see ciphuk's ghost.

Vanquished Creatures
  Sigmund (D:3)
  Blork the orc (D:4)
  Ijyb (D:3)
  Jessica (D:3)
  Terence (D:2)
  7 adders
  3 worms
  A giant mite (D:3)
  2 oozes (D:1)
  6 orcs
  6 giant cockroaches
  3 hobgoblins
  10 kobolds
  7 bats
  A giant gecko (D:3)
  5 giant newts
  A giant newt skeleton (D:3)
  11 goblins
  2 jackals (D:3)
  9 rats
79 creatures vanquished.

Notes
Turn   | Place    | Note
--------------------------------------------------------------
     0 | D:1      | Econoterrorist, the Felid Transmuter, began the quest for the Orb.
     0 | D:1      | Reached XP level 1. HP: 9/9 MP: 4/4
   182 | D:1      | Reached XP level 2. HP: 10/12 MP: 3/5
   616 | D:1      | Reached skill level 4 in Unarmed Combat
   881 | D:2      | Reached XP level 3. HP: 10/15 MP: 6/8
  1124 | D:2      | Learned a level 3 spell: Spider Form
  1197 | D:2      | Noticed Terence
  1500 | D:2      | Killed Terence
  1848 | D:2      | Reached XP level 4. HP: 19/19 MP: 10/10
  1963 | D:2      | Reached skill level 5 in Unarmed Combat
  2470 | D:3      | Noticed Sigmund
  2482 | D:3      | Killed Sigmund
  2482 | D:3      | Reached skill level 1 in Poison Magic
  2482 | D:3      | Reached XP level 5. HP: 22/22 MP: 4/12
  2623 | D:3      | Noticed Jessica
  2632 | D:3      | Killed Jessica
  2804 | D:3      | Found a burning altar of Makhleb.
  3037 | D:3      | Noticed Ijyb
  3053 | D:3      | Killed Ijyb
  3370 | D:3      | Found a glowing silver altar of Zin.
  3536 | D:4      | Gained mutation: You are covered in thick fur (AC +2). [growing up]
  3536 | D:4      | Gained mutation: You can jump attack at a medium distance. [growing up]
  3536 | D:4      | Reached XP level 6. HP: 19/25 MP: 11/14
  3604 | D:4      | Noticed Blork the orc
  3614 | D:4      | Killed Blork the orc
  3614 | D:4      | Reached skill level 5 in Transmutations
  3650 | D:4      | Noticed ciphuk's ghost (average MfDK)
  4234 | D:3      | Learned a level 5 spell: Blade Hands
  4532 | D:4      | Slain by ciphuk's ghost
  4533 | D:4      | Reached XP level 5. HP: -2/22 MP: 4/12
  4533 | D:4      | Noticed Eustachio
  4537 | D:4      | Slain by ciphuk's ghost

Action                   |  1- 3 |  4- 6 || total
-------------------------+-------+-------++-------
Melee: Unarmed           |    96 |   141 ||   237
 Cast: Beastly Appendage |    17 |    11 ||    28
       Spider Form       |     1 |     6 ||     7
       Blade Hands       |       |     1 ||     1
  Use: Scroll            |     1 |     2 ||     3
       Potion            |     2 |       ||     2
 Stab: Sleeping          |     2 |     6 ||     8
